 Dungeon Crawl Stone Soup version 0.24.0-1-gfbc8707122 (console) character file.

Game seed: 17104794252294665838, levelgen mode: deterministic

1027 AlterAsc the Ruffian (level 8, -1/67 HPs)
             Began as a White Draconian Transmuter on Oct 27, 2019.
             Was a Follower of Cheibriados.
             Slain by a killer bee (6 damage)
             ... on level 5 of the Dungeon.
             The game lasted 00:30:00 (5205 turns).

AlterAsc the Ruffian (White Draconian Transmuter)   Turns: 5205, Time: 00:30:01

Health: -1/67      AC: 12    Str: 15    XL:     8   Next: 3%
Magic:  14/14      EV: 14    Int: 18    God:    Cheibriados [*.....]
Gold:   267        SH:  0    Dex: 13    Spells: 9/15 levels left

rFire    . . .     SeeInvis .     - Unarmed
rCold    + . .     Gourm    .   (no shield)
rNeg     . . .     Faith    .   (armour unavailable)
rPois    .         Spirit   .   (helmet restricted)
rElec    .         Reflect  .   m - +2 cloak {+Inv}
rCorr    .         Harm     .   s - +2 pair of gloves
MR       .....                  (no boots)
Stlth    +.........             (no amulet)
HPRegen  0.21/turn              l - +2 ring of evasion
MPRegen  0.14/turn              (no ring)

@: lethally poisoned (-1 -> -4), very slightly contaminated, very slow
A: breathe frost, unfitting armour, cold resistance 1, cold-blooded, AC +6
a: Breathe Frost, Bend Time, Renounce Religion, Evoke Invisibility


You were on level 5 of the Dungeon.
You worshipped Cheibriados.
Cheibriados was aware of your devotion.
You were hungry.

You visited 2 branches of the dungeon, and saw 7 of its levels.

You collected 267 gold pieces.

Inventory:

Hand Weapons
 f - a +0 hunting sling
 k - a +0 short sword
Missiles
 a - 119 arrows
 b - 201 stones (quivered)
Armour
 m - a +2 cloak of invisibility (worn)
 s - a +2 pair of gloves (worn)
 y - +0 ice dragon scales
Jewellery
 l - a +2 ring of evasion (left hand)
 w - an uncursed ring of see invisible {unknown}
Wands
 v - a wand of flame (20)
Scrolls
 e - 2 scrolls of identify {unknown}
 q - 2 scrolls of remove curse {unknown}
 r - 3 scrolls of teleportation {unknown}
 t - a scroll of enchant weapon {unknown}
 u - a scroll of enchant armour {unknown}
 z - a scroll of fear {unknown}
 D - a scroll of immolation {unknown}
Potions
 d - a potion of cancellation {unknown}
 g - a potion of curing
 h - a potion of degeneration {unknown}
 j - 2 potions of flight {unknown}
 n - 2 potions of magic {unknown}
 o - a potion of mutation {unknown}
 p - a potion of brilliance {unknown}
 x - a potion of haste {unknown}
 A - a potion of heal wounds {unknown}
 C - a potion of berserk rage {unknown}
Comestibles
 c - 13 rations
 B - 2 chunks of flesh


   Skills:
 + Level 4.9 Fighting
 - Level 2.0 Dodging
 - Level 6.1 Unarmed Combat
 * Level 4.2 Spellcasting
 * Level 4.6 Transmutations
 - Level 0.3 Invocations


You had 9 spell levels left.
You knew the following spells:

 Your Spells              Type           Power        Failure   Level  Hunger
a - Beastly Appendage     Tmut           ###...       2%          1    None
b - Sticks to Snakes      Tmut           ###.....     3%          2    ##.....
c - Spider Form           Tmut/Pois      ##........   17%         3    ###....

Your spell library contained the following spells:

 Spells                   Type           Power        Failure   Level  Hunger
 Corona                   Hex            #......      14%         1    None
 Ensorcelled Hibernation  Hex/Ice        #.....       22%         2    ##.....
 Confuse                  Hex            #.......     41%         3    ###....
 Dazzling Spray           Conj/Hex       #.....       41%         3    ###....
 Tukima's Dance           Hex            #.......     41%         3    ###....
 Ice Form                 Ice/Tmut       ##......     50%         4    ####...
 Blade Hands              Tmut           ###.......   52%         5    ######.


Dungeon Overview and Level Annotations

Branches:
Dungeon (6/15)             Temple (1/1) D:4

Altars:
Ashenzari
Cheibriados
Dithmenos
Fedhas
Gozag
Hepliaklqana
Kikubaaqudgha
Makhleb
Nemelex Xobeh
Okawaru
Qazlal
Ru
Trog
Uskayaw
Vehumet
Wu Jian
Xom
Yredelemnul


Innate Abilities, Weirdness & Mutations

You can breathe waves of freezing cold.
You can buffet flying creatures when you breathe cold.
Your icy white scales are hard. (AC +6)
You cannot fit into any form of body armour.
Your flesh is cold resistant. (rC+)
You are cold-blooded and may be slowed by cold attacks.


Message History

The killer bee completely misses you. The killer bee barely misses you.
The killer bee stings you.
* * * LOW HITPOINT WARNING * * *
The killer bee completely misses you. The killer bee stings you.
* * * LOW HITPOINT WARNING * * *
The killer bee stings you.
* * * LOW HITPOINT WARNING * * *
The killer bee closely misses you. The killer bee barely misses you.
The killer bee stings you but does no damage.
The killer bee barely misses you.
The killer bee stings you but does no damage.
The killer bee barely misses you. The killer bee stings you.
* * * LOW HITPOINT WARNING * * *
You are poisoned.
The killer bee poisons you!
The killer bee stings you but does no damage.
The killer bee stings you.
You die...

######.###.........# #
#...#.........#
###.#.........# ####
#...........#
)).#######.........#
##....###.......>..#
#####..............# #
#.....##......yy.##
###.###..#......@...##
....#
##)....###.....##
##### ####...........#
# #.##........# #
#.###.......# #
#..........## #
######.....##
#.......# #.......#


You could see 2 killer bees.

Vanquished Creatures
  An ice beast (D:5)
  An ogre (D:5)
  A centaur (D:5)
  A big kobold (D:5)
  Blork the orc (D:4)
  A howler monkey (D:4)
  2 crimson imps (D:5)
  Crazy Yiuf (D:2)
  An orc priest (D:5)
  4 orc wizards
  A bullfrog skeleton (D:5)
  5 worker ants
  A gnoll (D:2)
  8 adders
  An ooze (D:2)
  3 worms
  5 dart slugs
  2 leopard geckos (D:4)
  16 orcs
  6 giant cockroaches
  10 goblins
  6 hobgoblins
  2 jackals (D:2)
  A ball python (D:2)
  4 bats
  2 frilled lizards (D:1)
  14 kobolds
  4 rats
105 creatures vanquished.

Vanquished Creatures (collateral kills)
  A scorpion (D:2)
  Jessica (D:2)
  An adder (D:2)
  A dart slug (D:2)
  A goblin (D:2)
  A kobold (D:2)
6 creatures vanquished.

Vanquished Creatures (others)
  A wizard (D:3)
1 creature vanquished.

Grand Total: 112 creatures vanquished

Notes
Turn   | Place    | Note
-------+----------+-------------------------------------------
     0 | D:1      | AlterAsc the Draconian Transmuter began the quest for the
                  | Orb.
     0 | D:1      | Reached XP level 1. HP: 16/16 MP: 3/3
    87 | D:1      | Reached XP level 2. HP: 23/23 MP: 5/5
   638 | D:1      | Reached XP level 3. HP: 29/29 MP: 4/6
  1142 | D:2      | Learned a level 2 spell: Sticks to Snakes
  1491 | D:2      | Found a runed translucent door.
  1492 | D:2      | Noticed Crazy Yiuf
  1519 | D:2      | Noticed Jessica
  1521 | D:2      | Reached XP level 4. HP: 27/36 MP: 4/7
  1530 | D:2      | Killed Jessica
  1586 | D:2      | Killed Crazy Yiuf
  1872 | D:2      | Reached XP level 5. HP: 18/42 MP: 7/9
  2309 | D:2      | Learned a level 3 spell: Spider Form
  3263 | D:3      | Found a bloodstained altar of Trog.
  3376 | D:3      | Noticed a wizard
  3379 | D:3      | Killed a wizard
  3533 | D:4      | Noticed Blork the orc
  3550 | D:4      | Killed Blork the orc
  3550 | D:4      | Reached skill level 4 in Unarmed Combat
  3550 | D:4      | Reached XP level 6. HP: 40/51 MP: 4/11
  3605 | D:4      | Found a staircase to the Ecumenical Temple.
  3624 | Temple   | Entered the Ecumenical Temple
  3771 | D:4      | Found an ornate altar of the Wu Jian Council.
  3771 | D:4      | Found a radiant altar of Vehumet.
  3880 | D:5      | Entered Level 5 of the Dungeon
  4161 | D:5      | Reached skill level 5 in Unarmed Combat
  4170 | D:5      | Found a snail-covered altar of Cheibriados.
  4189 | D:5      | Became a worshipper of Cheibriados the Contemplative
  4232 | D:5      | Your scales start taking on an icy white colour.
  4232 | D:5      | Reached XP level 7. HP: 58/58 MP: 12/12
  4232 | D:5      | Gained mutation: Your flesh is cold resistant. (rC+) [White
                  | Draconian growth]
  4721 | D:5      | Reached skill level 6 in Unarmed Combat
  4890 | D:5      | Reached * piety under Cheibriados
  4926 | D:5      | Reached XP level 8. HP: 50/67 MP: 12/14
  5205 | D:5      | Slain by a killer bee

Levels and vault maps discovered:
D:1:      elethiomel_arrival_infinity_welcomes_careful_drivers, layout_basic
D:2:      layout_rooms, serial_corexii_hall, corexii_hall_statues_x,
          chequers_hall_statues_corner_a, hangedman_abyss_or_decor_stabs,
          cheibrodos_gnoll_hut, uniq_jessica, uniq_crazy_yiuf_cottage
D:3:      layout_basic, trog_wizard
D:4:      layout_basic, gammafunk_temple_overflow_statue,
          minmay_temple_entry_ruins, first_ration, uniq_blork_the_orc
D:5:      layout_rooms, slow_altar_1, grunt_ministairs_9, kennysheep_potato
D:6:      layout_rooms
Temple:   regret_index_temple_waves

Skill      XL: |  1  2  3  4  5  6  7 |
---------------+----------------------+-----
Dodging        | 2 |  2.0
Fighting       | 2 3 4 |  4.9
Transmutations | 3 4 |  4.6
Spellcasting   | 3 4 |  4.2
Unarmed Combat | 4 5 6 |  6.1
Invocations    | |  0.3

Action                   |  1- 3 |  4- 6 |  7- 9 || total
-------------------------+-------+-------+-------++-------
Melee: Unarmed           |   106 |   176 |   133 ||   415
       Tailslap          |    10 |     8 |    16 ||    34
       Headbutt          |    12 |     2 |       ||    14
       Kick              |     5 |     4 |     2 ||    11
       Punch             |       |     1 |     1 ||     2
 Cast: Beastly Appendage |    20 |     4 |     1 ||    25
       Sticks to Snakes  |     2 |     8 |       ||    10
       Spider Form       |       |    12 |     5 ||    17
Invok: Bend Time         |       |       |     1 ||     1
 Abil: Breathe Frost     |       |       |     2 ||     2
       Evoke Invisibilit |       |       |     1 ||     1
  Use: Scroll            |       |     2 |     1 ||     3
       Potion            |       |       |     1 ||     1
 Stab: Distracted        |     1 |       |       ||     1
       Sleeping          |       |     1 |       ||     1
  Eat: Chunk             |     2 |    10 |     5 ||    17
Armor: Skin              |    24 |    29 |    55 ||   108
Dodge: Dodged            |    65 |   147 |   143 ||   355
